 Dungeon Crawl Stone Soup version 0.27-a0-1565-gad902ab807 (webtiles) character file.

Game seed: 13883763629749099887

14232 raph the Destroyer (level 11, -3/60 HPs)
             Began as a Deep Elf Conjurer on July 16, 2021.
             Was an Elder of Kikubaaqudgha.
             Slain by a cane toad (4 damage)
             ... on level 2 of the Lair of Beasts.
             The game lasted 00:34:11 (14857 turns).

raph the Destroyer (Deep Elf Conjurer)             Turns: 14857, Time: 00:34:12

Health: -3/60      AC: 15    Str:  4    XL:     11   Next: 86%
Magic:  2/35       EV: 14    Int: 27    God:    Kikubaaqudgha [****..]
Gold:   549        SH:  5    Dex: 19    Spells: 4/29 levels left

rFire    . . .     SeeInvis .   a - staff of conjuration
rCold    . . .     Faith    .   (no shield)
rNeg     . . .     Spirit   .   Q - +0 acid dragon scales
rPois    .         Reflect  +   v - +1 helmet
rElec    .         Harm     .   q - +1 cloak
rCorr    +         Rampage  .   E - +1 pair of gloves
Will     +....                  F - +1 pair of boots
Stlth    +++.......             y - amulet of reflection
HPRegen  0.20/turn              j - ring of magical power
MPRegen  0.24/turn              o - +6 ring of dexterity

@: lethally poisoned (-3 -> -45), studying Crossbows
A: no striking features
a: Renounce Religion, Receive Corpses


You were on level 2 of the Lair of Beasts.
You worshipped Kikubaaqudgha.
Kikubaaqudgha was greatly pleased with you.
You visited 2 branches of the dungeon, and saw 12 of its levels.

You collected 1605 gold pieces.
You spent 1056 gold pieces at shops.

Inventory:

Hand Weapons
 b - a +2 long sword of venom
 p - a +5 quarterstaff of chaos
 B - a +1 dagger of speed
 C - a +2 lajatang of venom
 H - a +5 dagger of venom
Missiles
 c - 30 poisoned darts
 l - 265 stones
 r - a throwing net
 x - 4 curare-tipped darts
Armour
 e - a +0 robe
 q - a +1 cloak (worn)
 v - a +1 helmet (worn)
 E - a +1 pair of gloves (worn)
 F - a +1 pair of boots (worn)
 Q - +0 acid dragon scales (worn)
Magical Staves
 a - a staff of conjuration (weapon)
 m - a staff of death
Jewellery
 i - a ring of poison resistance
 j - a ring of magical power (left hand)
 o - a +6 ring of dexterity (right hand)
 t - a +4 ring of evasion
 y - an amulet of reflection (around neck)
 O - a ring of see invisible
 P - a +4 ring of evasion
 S - a ring of protection from cold
 V - a ring of protection from cold
Wands
 f - a wand of paralysis (28)
 J - a wand of polymorph (13)
 K - a wand of iceblast (10)
 N - a wand of digging (14)
 R - a wand of flame (24)
 U - a wand of acid (6)
Scrolls
 s - 2 scrolls of amnesia
 u - 3 scrolls of teleportation
 w - 3 scrolls of torment
 A - a scroll of enchant weapon
 G - 4 scrolls of identify
 L - 3 scrolls of blinking
 M - 2 scrolls of fear
 W - a scroll of summoning
Potions
 d - 2 potions of lignification
 g - 3 potions of brilliance
 h - 2 potions of heal wounds
 k - 5 potions of attraction
 n - 5 potions of curing
 z - 2 potions of cancellation
 D - 3 potions of magic
 I - a potion of haste
 T - a potion of might {unknown}


   Skills:
 + Level 3.2 Fighting
 + Level 3.3 Armour
 - Level 7.3 Dodging
 - Level 4.2 Stealth
 + Level 9.7 Spellcasting
 * Level 11.7 Conjurations
 - Level 8.0 Hexes
 - Level 7.2 Summonings
 * Level 9.4 Necromancy
 + Level 1.6 Translocations


You had 4 spell levels left.
You knew the following spells:

 Your Spells              Type           Power      Damage    Failure   Level
a - Magic Dart            Conj           100%       1d8       1%          1
b - Searing Ray           Conj           100%       3d7       1%          2
c - Call Canine Familiar  Summ           51%        N/A       1%          3
d - Dazzling Flash        Conj/Hex       100%       N/A       1%          3
e - Animate Dead          Necr           29%        N/A       2%          4
f - Fulminant Prism       Conj/Hex       39%        3d18      1%          4
g - Animate Skeleton      Necr           100%       N/A       1%          1
h - Vampiric Draining     Necr           29%        2d10      1%          3
i - Iskenderun's Mystic   Conj/Tloc      65%        2d13      7%          4

Your spell library contained the following spells:

 Spells                   Type           Power      Damage    Failure   Level
 Pain                     Necr           100%       1d9       1%          1
 Summon Small Mammal      Summ           100%       N/A       1%          1
 Slow                     Hex            54%        N/A       1%          2
 Sublimation of Blood     Necr           29%        N/A       1%          2
 Confusing Touch          Hex            54%        N/A       1%          3
 Summon Guardian Golem    Hex/Summ       52%        N/A       1%          3
 Dispel Undead            Necr           59%        3d21      2%          4
 Mephitic Cloud           Conj/Pois/Air  50%        N/A       6%          3
 Ignite Poison            Fire/Tmut/Pois 13%        N/A       30%         3
 Excruciating Wounds      Necr           29%        N/A       6%          5
 Death Channel            Necr           29%        N/A       32%         6
 Borgnjor's Vile Clutch   Necr/Erth      19%        N/A       38%         5
 Bolt of Magma            Conj/Fire/Erth 25%        4d12      50%         5
 Yara's Violent Unravell  Hex/Tmut       17%        3d8       50%         5
 Starburst                Conj/Fire      30%        8x6d9     82%         6


Dungeon Overview and Level Annotations

Branches:
Dungeon (9/15)             Temple (0/1) D:4            Lair (3/6) D:9
  Swamp: Lair:2-4    Shoals: Lair:2-4     Snake: Lair:2-4    Spider: Lair:2-4
    Orc: D:9-12

Altars:
Cheibriados
Elyvilon
Kikubaaqudgha
Ru
Sif Muna
Trog
Uskayaw
Yredelemnul

Shops:
D:4 :=(   D:7 ?


Message History

Confirm with . or Enter, or press ? or * to list all spells.
Aiming: Vampiric Draining (safe; 1% risk of failure)
Press: ? - help, Shift-Dir - straight line, f - cane toad
Aim: a cane toad (moderately wounded)
You draw life force from the cane toad!
You feel life coursing into your body! You block the cane toad's attack.
Casting: Vampiric Draining (safe; 1% risk of failure)
Confirm with . or Enter, or press ? or * to list all spells.
You don't have enough magic to cast this spell.
Unknown command.
You barely miss the cane toad.
The cane toad is heavily wounded.
The cane toad stings you.
You are poisoned.
The cane toad poisons you! You block the cane toad's attack.
Aiming: Corrosive Bolt
Press: ? - help, Shift-Dir - straight line, f/p - cane toad
Aim: a cane toad (heavily wounded, 75% to hit)
The bolt of acid hits the cane toad!
The cane toad is splashed with acid.
The cane toad is almost dead.
You feel very sick. The cane toad stings you!
* * * LOW HITPOINT WARNING * * *
You are more poisoned.
The cane toad poisons you!
You feel much better.
You feel extremely sick. The cane toad stings you!
* * * LOW HITPOINT WARNING * * *
You are more poisoned.
The cane toad poisons you!
Aiming: Corrosive Bolt
Press: ? - help, Shift-Dir - straight line, f/p - cane toad
Aim: a cane toad (almost dead, 75% to hit)
The bolt of acid misses the cane toad.
* * * LOW HITPOINT WARNING * * *
You feel extremely sick. The cane toad stings you.
You die...
Kikubaaqudgha rasps: "You have failed me!
Welcome... death!"

.####.#####♣♣..♣♣###.#.#÷##
#. ## ##.## ♣♣..♣ #..##..#
## ##...# ♣..♣♣ #.###.## #)
#...## ♣♣♣...♣♣♣ #####..##
## ##...# ♣.......♣
##.....###### ##P...#
♣♣.......♣♣ #......)...##
#.....# ♣.........♣
##........... #.#...#
♣....>....♣ #.##..##..##
#.#...# ♣......F@.♣
#########..# #.#####
♣♣......)♣♣ ##.## P..#
♣.......♣ #..## P.##
♣♣♣...♣♣♣ ##...# #..# ♣♣♣♣♣
#..### #.## ### ##.# #.#
######.## ### #.## #.#
#.......# #.# ##..# #.#
##.....## #.####..##


You could see a cane toad.

Vanquished Creatures
  A hydra (Lair:2)
  A boulder beetle (Lair:1)
  Erica (D:8)
  Sonja (Lair:2)
  Pikel (D:8)
  An oklob plant (Lair:2)
  A black mamba (Lair:2)
  A cane toad (Lair:3)
  Psyche (D:9)
  A troll (D:9)
  Prince Ribbit (D:8)
  2 polar bears (Lair:2)
  2 spriggans (Lair:2)
  A shadow (D:9)
  2 wraiths
  14 yaks
  2 basilisks
  Grum (D:8)
  A wyvern (D:8)
  A vampire mosquito (Lair:3)
  An acid dragon (D:8)
  13 water moccasins
  An orc warrior (D:9)
  A black bear (Lair:2)
  An ice beast (D:5)
  2 ogres (D:6)
  A necrophage (D:5)
  6 wolves
  2 centaurs
  2 lemures (D:8)
  A kobold brigand (D:6)
  8 bullfrogs
  Blork the orc (D:6)
  9 scorpions
  A wyvern skeleton (D:7)
  A water moccasin skeleton (D:7)
  3 killer bees (D:9)
  8 wights
  A vampire bat (D:3)
  3 jellies
  3 centaur zombies
  3 orc priests
  2 hounds
  Crazy Yiuf (D:2)
  2 gnoll shamans
  A centaur skeleton (D:6)
  Terence (D:3)
  An iguana (D:7)
  Ijyb (D:5)
  6 orc wizards
  A killer bee zombie (D:8)
  A hound skeleton (D:5)
  2 howler monkey zombies (D:9)
  12 gnolls
  7 adders
  A shadow imp (D:6)
  2 white imps
  4 ufetubi
  An adder skeleton (D:4)
  3 worms
  2 dart slugs
  16 orcs
  7 ball pythons
  5 bat skeletons (D:3)
  3 endoplasms
  2 giant cockroaches
  6 goblins
  8 hobgoblins
  21 jackals
  6 quokkas
  2 bats
  A frilled lizard (D:3)
  9 kobolds
  3 rats (D:1)
249 creatures vanquished.

Vanquished Creatures (collateral kills)
  A cane toad (Lair:2)
  A black bear (Lair:2)
  A jelly (D:3)
  A jackal (D:1)
4 creatures vanquished.

Vanquished Creatures (others)
  65 fulminant prisms
  55 fungi
  54 plants
174 creatures vanquished.

Grand Total: 427 creatures vanquished

Notes
Turn   | Place    | Note
-------+----------+-------------------------------------------
     0 | D:1      | raph the Deep Elf Conjurer began the quest for the Orb.
     0 | D:1      | Reached XP level 1. HP: 10/10 MP: 6/6
    95 | D:1      | Learned a level 1 spell: Summon Small Mammal
   160 | D:1      | Reached XP level 2. HP: 15/15 MP: 6/8
   196 | D:1      | Learned a level 2 spell: Searing Ray
   652 | D:1      | Reached XP level 3. HP: 2/19 MP: 5/9
  1526 | D:2      | Reached skill level 5 in Conjurations
  1526 | D:2      | Reached skill level 1 in Summonings
  1726 | D:2      | Learned a level 3 spell: Dazzling Flash
  2046 | D:2      | Found a runed translucent door.
  2047 | D:2      | Noticed Crazy Yiuf
  2229 | D:2      | Killed Crazy Yiuf
  2230 | D:2      | Reached XP level 4. HP: 23/24 MP: 5/11
  2539 | D:3      | Noticed Terence
  2545 | D:3      | Killed Terence
  2666 | D:3      | Reached XP level 5. HP: 28/28 MP: 10/13
  3049 | D:3      | Found an ancient bone altar of Kikubaaqudgha.
  3139 | D:3      | Became a worshipper of Kikubaaqudgha
  3393 | D:3      | Learned a level 3 spell: Mephitic Cloud
  3718 | D:4      | Reached XP level 6. HP: 19/32 MP: 14/14
  4048 | D:4      | Reached skill level 6 in Conjurations
  4392 | D:4      | Learned a level 4 spell: Fulminant Prism
  4405 | D:4      | Found a staircase to the Ecumenical Temple.
  4532 | D:4      | Reached * piety under Kikubaaqudgha
  4532 | D:4      | Received a gift from Kikubaaqudgha
  4558 | D:4      | Found Zuqux's Book Emporium.
  4564 | D:4      | Found Mapuepn's Antique Weapon Shop.
  4755 | D:4      | Found Wonk's Jewellery Shoppe.
  4916 | D:5      | Entered Level 5 of the Dungeon
  4987 | D:5      | Reached skill level 5 in Spellcasting
  4987 | D:5      | Reached skill level 1 in Hexes
  4987 | D:5      | Reached XP level 7. HP: 36/36 MP: 16/16
  5463 | D:5      | Learned a level 1 spell: Animate Skeleton
  5780 | D:5      | Reached skill level 7 in Conjurations
  5823 | D:5      | Found a bloodstained altar of Trog.
  5918 | D:5      | Identified a scroll of acquirement
  5918 | D:5      | Acquired a staff of conjuration
  6130 | D:5      | Found a snail-covered altar of Cheibriados.
  6155 | D:5      | Noticed Ijyb
  6159 | D:5      | Killed Ijyb
  6306 | D:5      | Reached skill level 5 in Dodging
  6307 | D:5      | Reached XP level 8. HP: 41/41 MP: 18/18
  6374 | D:5      | Reached ** piety under Kikubaaqudgha
  6513 | D:5      | Found a hide-covered altar of Uskayaw.
  7056 | D:6      | Reached skill level 8 in Conjurations
  7147 | D:5      | Learned a level 3 spell: Vampiric Draining
  7171 | D:6      | Reached skill level 1 in Necromancy
  7178 | D:6      | Noticed Blork the orc
  7386 | D:6      | Killed Blork the orc
  7567 | D:6      | Acquired 984 gold pieces
  7619 | D:4      | Bought an amulet of reflection for 300 gold pieces
  7642 | D:4      | Bought a runed long sword for 130 gold pieces
  7642 | D:4      | Bought a glowing lajatang for 360 gold pieces
  7779 | D:6      | Learned a level 3 spell: Call Canine Familiar
  7825 | D:6      | Found a sacrificial altar of Ru.
  8618 | D:7      | Reached XP level 9. HP: 45/45 MP: 21/21
  8646 | D:6      | Reached *** piety under Kikubaaqudgha
  8646 | D:6      | Received a gift from Kikubaaqudgha
  8910 | D:7      | Reached skill level 5 in Hexes
  8931 | D:7      | Reached skill level 9 in Conjurations
  9087 | D:7      | Found a basalt altar of Yredelemnul.
  9145 | D:7      | Found a white marble altar of Elyvilon.
  9274 | D:7      | Found Zairr's Magic Scroll Shop.
  9282 | D:7      | Bought a scroll of blinking for 105 gold pieces
  9282 | D:7      | Bought a scroll of identify for 28 gold pieces
  9282 | D:7      | Bought a scroll of identify for 28 gold pieces
  9282 | D:7      | Bought a scroll of identify for 28 gold pieces
  9282 | D:7      | Bought a scroll of identify for 28 gold pieces
  9282 | D:7      | Bought a scroll of fear for 49 gold pieces
  9513 | D:8      | Noticed Pikel
  9516 | D:8      | Killed Pikel
  9517 | D:8      | Reached skill level 5 in Summonings
  9702 | D:8      | Noticed Prince Ribbit
  9707 | D:8      | Killed Prince Ribbit
  9708 | D:8      | Reached skill level 5 in Necromancy
  9723 | D:8      | Noticed Erica
  9729 | D:8      | Killed Erica
  9730 | D:8      | Reached XP level 10. HP: 27/50 MP: 22/23
 10132 | D:8      | Reached skill level 10 in Conjurations
 10151 | D:8      | Noticed Grum
 10156 | D:8      | Killed Grum
 10315 | D:8      | Learned a level 4 spell: Iskenderun's Mystic Blast
 10424 | D:8      | Learned a level 4 spell: Animate Dead
 10489 | D:8      | Found a shimmering blue altar of Sif Muna.
 10849 | D:9      | Noticed Psyche
 10854 | D:9      | Killed Psyche
 11062 | D:9      | Found a staircase to the Lair.
 11077 | D:9      | Reached skill level 1 in Armour
 11086 | D:9      | Reached skill level 1 in Fighting
 11895 | Lair:1   | Entered Level 1 of the Lair of Beasts
 11960 | Lair:1   | Reached XP level 11. HP: 57/57 MP: 7/25
 12130 | Lair:1   | Reached skill level 11 in Conjurations
 12130 | Lair:1   | Reached **** piety under Kikubaaqudgha
 12472 | Lair:1   | Noticed a boulder beetle
 12488 | Lair:1   | Killed a boulder beetle
 13389 | Lair:2   | Noticed an oklob plant
 13398 | Lair:2   | Noticed a four-headed hydra
 13409 | Lair:2   | Killed a four-headed hydra
 13652 | Lair:2   | Killed an oklob plant
 13977 | Lair:2   | Noticed Sonja
 13980 | Lair:2   | Killed Sonja
 14043 | Lair:2   | Reached skill level 1 in Translocations
 14857 | Lair:2   | HP: 1/60 [poisoned by a cane toad]
 14857 | Lair:2   | Slain by a cane toad

Illustrated notes

Levels and vault maps discovered:
D:1:      lightli_iron_boxes, layout_basic, nrook_mini_vaults,
          chequers_serial_rivers_large_b
D:2:      layout_basic, uniq_crazy_yiuf_cottage
D:3:      layout_basic, kennysheep_vampire_church, uniq_terence
D:4:      layout_basic, minmay_temple_entry_sparse_star,
          nicolae_wooded_promenade, minmay_shop_enchanted_jewellery, st_stairs_7
D:5:      layout_loops_corners, mainiacjoe_overflow_alcove_2,
          lemuel_doored_altar, mainiacjoe_overflow_paths, columned_hall_lemuel,
          uniq_ijyb
D:6:      layout_cave_pools, kennysheep_mini_moat, uniq_blork_the_orc
D:7:      layout_rooms, kennysheep_ying_yang, serial_shops, shop
D:8:      layout_basic, mainiacjoe_overflow_cross_hatched, serial_rivers,
          chequers_serial_rivers_micro_b, chequers_serial_rivers_micro_e,
          chequers_serial_rivers_small_a, chequers_serial_rivers_small_a,
          chequers_serial_rivers_room_b, kennysheep_generic_room_8,
          uniq_prince_ribbit1, uniq_erica, uniq_pikel, uniq_grum
D:9:      layout_roguey, due_lair_maze_entry_diamond, uniq_psyche
Lair:1:   layout_long_grid, nicolae_lair_grove_arrangements,
          nzn_sisyphean_effort, grunt_megastairs_3
Lair:2:   layout_loops_ring, forest_entry_grove, uniq_sonja
Lair:3:   layout_big_grid, minmay_swamp_entry_swarm,
          spider_nest_entry_web_field, st_stairs_6, infiniplex_staircase_pool

Skill      XL: |  1  2  3  4  5  6  7  8  9 10 11 |
---------------+----------------------------------+-----
Dodging        | 3 4 5 6 7 |  7.3
Stealth        | 3 4 |  4.2
Conjurations   | 5 6 7 8 9 10 11 | 11.7
Summonings     | 1 2 3 4 5 6 7 |  7.2
Spellcasting   | 4 5 6 7 8 9 |  9.7
Hexes          | 1 2 4 6 7 8 |  8.0
Necromancy     | 2 5 7 9 |  9.4
Armour         | 1 3 |  3.3
Fighting       | 1 3 |  3.2
Translocations | 1 |  1.6

Action                   |  1- 3 |  4- 6 |  7- 9 | 10-12 || total
-------------------------+-------+-------+-------+-------++-------
Melee: Whip              |     7 |       |       |       ||     7
       Dagger            |       |    15 |     1 |       ||    16
       Staff             |       |       |       |     2 ||     2
 Cast: Magic Dart        |    50 |    51 |    22 |    17 ||   140
       Searing Ray       |     6 |    26 |    46 |    45 ||   123
       Summon Small Mamm |     3 |     2 |     1 |       ||     6
       Fulminant Prism   |       |     2 |    27 |    36 ||    65
       Dazzling Flash    |       |       |     1 |       ||     1
       Animate Skeleton  |       |       |     1 |     2 ||     3
       Iskenderun's Myst |       |       |       |    21 ||    21
       Vampiric Draining |       |       |       |     4 ||     4
       Animate Dead      |       |       |       |     2 ||     2
Evoke: Wand              |       |       |       |     2 ||     2
  Use: Scroll            |       |     8 |    14 |     5 ||    27
       Potion            |       |       |     1 |     1 ||     2
Armor: Robe              |     2 |    15 |    12 |     2 ||    31
       Acid dragon scale |       |       |       |    32 ||    32
Dodge: Dodged            |    10 |    34 |    30 |    63 ||   137
Block: Other             |       |       |       |     3 ||     3
       Reflection        |       |       |       |     1 ||     1

Table legend: (Time is in decaauts)
 A = Elapsed time spent in this place.
 B = Non-inter-level travel time spent in this place.
 C = Inter-level travel time spent in this place.
 D = Time resting spent in this place.
 E = Time spent auto-exploring this place.
 F = Levels seen in this place.
 G = Mean time per level.
                   A        B        C        D        E       F      G
               +--------+--------+--------+--------+--------+-----+--------+
         Total |  14895 |  13983 |    912 |   5006 |   7300 |  12 | 1241.2 |
       Dungeon |  12251 |  11417 |    834 |   4197 |   5830 |   9 | 1361.2 |
          Lair |   2643 |   2565 |     78 |    809 |   1470 |   3 |  881.0 |
               +--------+--------+--------+--------+--------+-----+--------+

Top non-repeatable levels by time:
     D:5: 2068 daAuts
     D:4: 1698 daAuts
  Lair:2: 1490 daAuts
     D:8: 1444 daAuts
     D:3: 1416 daAuts
     D:9: 1379 daAuts
     D:1: 1258 daAuts
     D:2: 1172 daAuts
  Lair:1: 1099 daAuts
     D:6: 944 daAuts
     D:7: 869 daAuts
  Lair:3: 54 daAuts
